 Dungeon Crawl Stone Soup version 0.20.1-1-g8b1a95d (webtiles) character file.

77 swampman the Chucker (level 4, -1/42 HPs)
             Began as a Troll Hunter on Sept 24, 2017.
             Slain by a gnoll
             ... wielding a cursed -3 whip
              (10 damage)
             ... on level 2 of the Dungeon.
             The game lasted 00:09:27 (637 turns).

swampman the Chucker (Troll Hunter)                  Turns: 637, Time: 00:09:28

Health: -1/42      AC:  5    Str: 20    XL:     4   Next: 13%
Magic:  3/3        EV: 10    Int:  7    God:
Gold:   85         SH:  0    Dex: 11    Spells: 3/3 levels left

rFire    . . .     SeeInvis .   i - +0 hand axe
rCold    . . .     Gourm    +   (no shield)
rNeg     . . .     Faith    .   b - +0 robe
rPois    .         Spirit   .   (helmet restricted)
rElec    .         Reflect  .   (no cloak)
rCorr    .         Harm     .   (gloves unavailable)
MR       .....                  (boots unavailable)
Stlth    +.........             (no amulet)
Regen    0.6/turn               (no ring)
MPRegen  0.1/turn               (no ring)

@: no status effects
A: unfitting armour, claws 3, fast metabolism 3, gourmand, regeneration 1,
shaggy fur 1, tough skin 2
a: no special abilities


You were on level 2 of the Dungeon.
You were not hungry.

You visited 1 branch of the dungeon, and saw 2 of its levels.

You collected 85 gold pieces.

Inventory:

Hand Weapons
 a - a +0 short sword
 c - a +0 club
 e - a +0 dagger
 g - a +0 club
 i - a +0 hand axe (weapon)
 l - a +0 whip
 n - a +0 club
 p - a +0 spear
 r - a +0 hunting sling
Missiles
 d - 2 throwing nets
 h - 16 arrows
 m - 4 large rocks (quivered)
Armour
 b - a +0 robe (worn)
 k - a +0 ring mail
Jewellery
 o - an uncursed ring of magical power {unknown}
Scrolls
 j - a scroll of random uselessness {unknown}
 q - a scroll of remove curse {unknown}
Comestibles
 f - a bread ration
 s - a meat ration


   Skills:
 + Level 1.9 Fighting
 + Level 1.0 Short Blades
 + Level 0.4 Axes
 + Level 4.5 Throwing
 + Level 1.9 Dodging
 + Level 0.3 Stealth


You had 3 spell levels left.
You didn't know any spells.

Dungeon Overview and Level Annotations

Branches:
Dungeon (2/15)

Altars:


Innate Abilities, Weirdness & Mutations

You are too large for most types of armour.
You have claws for hands.
Your metabolism is lightning-fast.
You like to eat raw meat.
Your natural rate of healing is unusually fast.
You are covered in fur. (AC +1)
You have very tough skin. (AC +2)


Message History

The gnoll hits you with a whip.
There is a stone staircase leading up here.
The gnoll hits you but does no damage. The gnoll barely misses you.
The goblin hits you with a club.
You climb upwards.
There is a stone staircase leading down here.
The gnoll hits you with a flail! The goblin hits you with a club.
You climb downwards.
The gnoll barely misses you. The gnoll closely misses you.
The gnoll hits you but does no damage. The gnoll barely misses you.
There is a stone staircase leading up, spattered with blood here.
You barely miss the gnoll. You closely miss the goblin. You hit the gnoll.
You hit the gnoll but do no damage. The gnoll hits you with a spear.
The gnoll misses you. The gnoll hits you but does no damage.
The goblin hits you but does no damage.
You can't go down here!
You can't go down here!
The gnoll hits you with a spear!
* * * LOW HITPOINT WARNING * * *
The gnoll hits you with a whip!
You die...

#.#.#...##.# #...#.....#####
#.....#.##.#####.##.##......
........................>...
####....##.....#.##.#.......
#..........<#....+.......
#.....#.....######...####
#..†........# ......... #
#......gg#####.##......##
#...†...@#.............##
#).....gg......#.......##
#.....†.......... #
#................ .. #
###.......###.... ...
..........# ... ...###
...........# .. ......
#...........####..# ......
#.........>.......# ......


You could see 3 gnolls and a goblin.

Vanquished Creatures
  3 gnolls (D:2)
  2 adders (D:2)
  3 dart slugs (D:2)
  A leopard gecko (D:2)
  A giant cockroach (D:2)
  2 hobgoblins (D:2)
  2 quokkas (D:2)
  A bat (D:2)
  A frilled lizard (D:2)
  3 goblins
  3 kobolds
  3 rats
25 creatures vanquished.

Notes
Turn   | Place    | Note
-------+----------+-------------------------------------------
     0 | D:1      | swampman the Troll Hunter began the quest for the Orb.
     0 | D:1      | Reached XP level 1. HP: 19/19 MP: 0/0
   322 | D:2      | Reached skill level 4 in Throwing
   322 | D:2      | Reached XP level 2. HP: 28/28 MP: 1/1
   330 | D:2      | Reached XP level 3. HP: 32/35 MP: 2/2
   541 | D:2      | Reached XP level 4. HP: 36/42 MP: 3/3
   551 | D:2      | Reached skill level 1 in Short Blades
   637 | D:2      | Slain by a gnoll

Skill      XL: |  1  2  3  4 |
---------------+-------------+-----
Throwing       | 4 |  4.5
Short Blades   | 1 |  1.0
Fighting       | |  1.9
Axes           | |  0.4
Dodging        | |  1.9
Stealth        | |  0.3

Action                   |  1- 3 |  4- 6 || total
-------------------------+-------+-------++-------
Melee: Short sword       |    23 |       ||    23
       Hand axe          |    54 |    12 ||    66
Throw: Large rock        |     5 |     1 ||     6
  Use: Scroll            |     1 |       ||     1
  Eat: Bread ration      |     1 |       ||     1
Armor: Robe              |    21 |    10 ||    31
Dodge: Dodged            |    47 |    20 ||    67
